 Dungeon Crawl Stone Soup version 0.22-a0-482-g76e0a5f (webtiles) character file.

33454 KillYourself the Bludgeoner (level 13, -23/79 HPs)
             Began as a Gargoyle Fighter on June 16, 2018.
             Was an Elder of Qazlal.
             Killed from afar by Azrael (44 damage)
             ... with a bolt of fire
             ... on level 1 of the Elven Halls on June 17, 2018.
             The game lasted 01:03:30 (12885 turns).

KillYourself the Bludgeoner (Gargoyle Fighter)     Turns: 12885, Time: 01:03:31

Health: -23/79     AC: 27    Str: 24      XL:     13   Next: 71%
Magic:  8/14       EV: 13    Int: 10      God:    Qazlal [****..]
Gold:   709        SH: 23    Dex:  8 (9)  Spells: 12/12 levels left

rFire    . . .     SeeInvis .   y - +4 flail (holy)
rCold    . . .     Gourm    .   c - +1 shield
rNeg     + . .     Faith    .   s - +1 plate armour
rPois    ∞         Spirit   .   (no helmet)
rElec    +         Reflect  +   E - +0 cloak
rCorr    .         Harm     .   h - +0 pair of gloves
MR       .....                  (no boots)
Stlth    ..........             g - +4 amulet of reflection
HPRegen  0.23/turn              o - +3 ring of evasion
MPRegen  0.14/turn              G - +3 ring of evasion

@: slowed, repel missiles, very slow
A: blurry vision 1, deterioration 1, negative energy resistance 1, electricity
resistance, unbreathing, petrification resistance, rot immunity, AC +9
a: Upheaval, Elemental Force, Renounce Religion


You were on level 1 of the Elven Halls.
You worshipped Qazlal.
Qazlal was greatly pleased with you.
You were not hungry.

You visited 4 branches of the dungeon, and saw 13 of its levels.
You also visited: Ossuary.

You collected 1242 gold pieces.
You spent 533 gold pieces at shops.

Inventory:

Hand Weapons
 a - a +1 flail
 n - a +1 flail of draining
 q - a +1 flail of protection
 x - a +2 flail of crushing
 y - a +4 flail of holy wrath (weapon)
 C - a +2 flail of freezing
 F - a +0 dire flail
Armour
 b - a +0 scale mail
 c - a +1 shield (worn)
 h - a +0 pair of gloves (worn)
 s - a +1 plate armour (worn)
 E - a +0 cloak (worn)
 H - a +0 troll leather armour
Jewellery
 e - an uncursed amulet of the gourmand
 g - a +4 amulet of reflection (around neck)
 k - an uncursed amulet of regeneration
 l - the ring of Kyapsol {-Tele +Fly rN+ Dex+8 Stlth-, unknown}
   (You found it on level 7 of the Dungeon)

   [ring of loudness]

   It affects your dexterity (+8).
   It protects you from negative energy.
   It lets you fly.
   It prevents most forms of teleportation.
   It makes you less stealthy.
 o - a +3 ring of evasion (left hand)
 r - an uncursed ring of protection from fire
 G - a +3 ring of evasion (right hand)
 I - a cursed amulet of inaccuracy
Wands
 j - a wand of random effects (25)
 u - a wand of clouds (7)
 D - a wand of disintegration (12)
 J - a wand of iceblast (6)
Scrolls
 i - 10 scrolls of remove curse
 m - a scroll of amnesia
 t - 5 scrolls of identify
 w - a scroll of fog
Potions
 d - a potion of might
 p - 2 potions of magic
 v - 5 potions of curing
 z - 2 potions of agility
 A - 4 potions of lignification
Miscellaneous
 B - a box of beasts
Comestibles
 f - 23 rations
 K - a chunk of flesh


   Skills:
 + Level 8.7 Fighting
 * Level 15.1 Maces & Flails
 + Level 9.1 Armour
 + Level 1.0 Stealth
 + Level 14.2 Shields
 + Level 2.2 Invocations


You had 12 spell levels left.
You didn't know any spells.
Your spell library was empty.

Dungeon Overview and Level Annotations

Branches:
Dungeon (9/15)             Temple (1/1) D:4             Orc (2/2) D:9
    Elf (1/3) Orc:2
   Lair: D:8-11

Altars:
Ashenzari
Cheibriados
Dithmenos
Elyvilon
Fedhas
Gozag
Hepliaklqana
Kikubaaqudgha
Makhleb
Nemelex Xobeh
Okawaru
Qazlal
Ru
Sif Muna
Trog
Uskayaw
Vehumet
Wu Jian
Xom
Yredelemnul
Zin
The Shining One

Shops:
D:9 }   Orc:2 %=}%(

Annotations:
Elf:1 Azrael


Innate Abilities, Weirdness & Mutations

You are resistant to torment.
Your stone body is resilient. (AC +9)
You are immune to poison.
You resist negative energy. (rN+)
You are resistant to electric shocks. (rElec)
You can survive without breathing.
You are immune to petrification.
You are immune to rotting.
Scrolls take you a little longer to read.
Your body sometimes deteriorates upon taking damage.


Message History

The hell hound is engulfed in freezing vapours.
You kill the hell hound!
Qazlal accepts your kill.
You barely miss Azrael.
Azrael is heavily wounded.
You block Azrael's attack.
The fire elemental is engulfed in freezing vapours.
You sock Azrael!
Azrael convulses.
Azrael is severely wounded.
The hell hound is engulfed in freezing vapours.
Azrael gestures at you.
The fireball explodes!
The fireball engulfs you!
The fireball engulfs Azrael.
Azrael completely resists.
The hell hound is engulfed in freezing vapours.
You hit Azrael but do no damage.
Azrael is severely wounded.
Azrael gestures at you. The bolt of fire hits you!
Ouch! That really hurt!
You die...

################..#..(..#..#
....#..#..#..#..#
...#..#..#..#..#
#..#..#..#..#..#
#..#..#..#..#..#
#..#..#..#..#..#
#.h#..#..#..#..#
#.ER..#..#..'..+
#.§#@§#..'(.#..# ## #
#..#(§'..#..#..#.. .♣ ≈###
#..#§.#..#..#..#..# .# ≈≈≈≈#
#..#..#..#..#..# .# ####§≈≈#
#..#..#..#..#..# # #.%##≈≈#
#..#..#..#..#..# '..)##≈#
+..#..#..#..#..# '...[#≈#
#..#..#..# '..$##≈# #..#..#


You could see Azrael, a fire elemental and a hell hound.

Vanquished Creatures
  A stone giant (D:9)
  A deep elf high priest (Elf:1)
  2 ogre magi (Orc:2)
  12 two-headed ogres
  3 deep elf knights (Elf:1)
  An iron troll (Orc:1)
  A deep troll (Orc:2)
  2 deep elf archers (Elf:1)
  An orc knight (D:9)
  2 orc sorcerers
  2 cyclopes (Orc:2)
  9 deep elf magi (Elf:1)
  The ghost of TheNamelessOne the Insei, a novice OpTm (D:5)
  Maurice (D:9)
  A gargoyle (D:7)
  10 trolls
  A hippogriff (D:7)
  Sigmund (D:5)
  5 yaks
  Eustachio (D:8)
  3 hogs (D:7)
  A human (D:7)
  2 hungry ghosts
  Grum (D:9)
  Edmund (D:5)
  2 wargs (Orc:1)
  A hell hound (Elf:1)
  A water moccasin (D:5)
  19 orc warriors
  4 phantoms
  20 ogres
  4 centaurs
  3 wolves (D:9)
  The ghost of Laiders72 the Magician, an amateur GnWz (D:3)
  A big kobold (D:9)
  3 bullfrogs
  3 troll zombies (D:9)
  2 water moccasin zombies
  3 scorpions
  7 wights
  A howler monkey (D:4)
  8 crimson imps
  A bullfrog zombie (D:8)
  3 jellies
  9 orc priests
  A gnoll shaman (D:8)
  5 hounds
  2 bullfrog skeletons
  A centaur skeleton (D:3)
  13 orc wizards
  3 iguanas
  3 worker ants
  Ijyb (D:5)
  A big kobold zombie (Ossuary)
  5 ogre zombies (D:9)
  A hound skeleton (D:4)
  2 mummies (Ossuary)
  3 worker ant zombies
  4 gnolls (D:8)
  5 adders
  A shadow imp (D:7)
  An ooze (D:6)
  6 adder zombies (Ossuary)
  A worm (D:4)
  2 dart slugs
  7 leopard geckos
  51 orcs
  14 bats
  3 giant cockroaches
  7 hobgoblins
  2 jackals (D:9)
  4 quokkas
  4 ball pythons
  5 frilled lizards
  A giant cockroach zombie (D:5)
  3 gnoll zombies (Ossuary)
  4 goblins
  A goblin skeleton (D:9)
  3 goblin zombies (D:9)
  8 hobgoblin zombies
  12 kobolds
  A kobold zombie (Ossuary)
  A leopard gecko skeleton (D:6)
  2 orc skeletons (D:9)
  27 orc zombies
  5 rats
388 creatures vanquished.

Vanquished Creatures (collateral kills)
  2 jackals (D:9)
2 creatures vanquished.

Vanquished Creatures (others)
  A deep elf archer (Elf:1)
  A centaur (D:5)
  Blork the orc (D:5)
  An orc (Orc:2)
4 creatures vanquished.

Grand Total: 394 creatures vanquished

Notes
Turn   | Place    | Note
-------+----------+-------------------------------------------
     0 | D:1      | KillYourself the Gargoyle Fighter began the quest for the Orb.
     0 | D:1      | Reached XP level 1. HP: 14/14 MP: 1/1
   136 | D:1      | Reached XP level 2. HP: 19/19 MP: 2/2
   800 | D:2      | Reached XP level 3. HP: 22/23 MP: 3/3
  1107 | D:3      | Reached skill level 3 in Maces & Flails
  1213 | D:3      | Noticed Laiders72's ghost (amateur GnWz)
  1240 | D:3      | Reached XP level 4. HP: 29/29 MP: 4/4
  1265 | D:3      | Killed Laiders72's ghost
  1265 | D:3      | Reached skill level 4 in Maces & Flails
  1265 | D:3      | Reached XP level 5. HP: 10/33 MP: 5/5
  1820 | D:4      | Found a staircase to the Ecumenical Temple.
  1892 | Temple   | Entered the Ecumenical Temple
  2243 | Temple   | Became a worshipper of Qazlal Stormbringer
  2541 | D:4      | Reached XP level 6. HP: 37/38 MP: 6/6
  2708 | D:4      | Found an opulent altar of Gozag.
  2800 | D:4      | Found an ancient bone altar of Kikubaaqudgha.
  2968 | D:4      | Reached skill level 5 in Maces & Flails
  3028 | D:5      | Entered Level 5 of the Dungeon
  3028 | D:5      | Noticed Ijyb
  3042 | D:5      | Noticed a water moccasin
  3049 | D:5      | Noticed Blork the orc
  3067 | D:5      | Noticed Edmund
  3097 | D:5      | Noticed Sigmund
  3097 | D:5      | Noticed TheNamelessOne's ghost (novice OpTm)
  3137 | D:5      | Killed TheNamelessOne's ghost
  3137 | D:5      | Reached skill level 6 in Maces & Flails
  3137 | D:5      | Reached skill level 5 in Shields
  3137 | D:5      | Reached XP level 7. HP: 21/43 MP: 7/7
  3153 | D:5      | Killed Blork the orc
  3180 | D:5      | Killed Ijyb
  3226 | D:5      | Reached XP level 8. HP: 25/48 MP: 8/8
  3332 | D:5      | Killed Sigmund
  3332 | D:5      | Reached skill level 7 in Maces & Flails
  3342 | D:5      | Killed Edmund
  3742 | D:5      | Found a blossoming altar of Fedhas.
  3761 | D:5      | Reached skill level 8 in Maces & Flails
  4262 | D:6      | Reached skill level 5 in Armour
  4289 | D:6      | Reached * piety under Qazlal
  4296 | D:6      | Found a sand-covered staircase.
  4359 | Ossuary  | Entered an ossuary
  4406 | Ossuary  | Reached XP level 9. HP: 52/52 MP: 9/9
  4521 | Ossuary  | Reached ** piety under Qazlal
  4652 | D:6      | Reached skill level 9 in Maces & Flails
  4926 | D:6      | Found a sacrificial altar of Ru.
  5049 | D:7      | Reached skill level 5 in Fighting
  5130 | D:7      | Noticed a gargoyle
  5139 | D:7      | Killed a gargoyle
  5139 | D:7      | Reached skill level 10 in Maces & Flails
  5287 | D:7      | Got a crude glass ring
  5390 | D:7      | Found a glowing golden altar of the Shining One.
  5486 | D:7      | Reached XP level 10. HP: 59/59 MP: 10/10
  5656 | D:7      | Reached skill level 11 in Maces & Flails
  5697 | D:8      | Noticed Eustachio
  5764 | D:8      | Killed Eustachio
  5764 | D:8      | Reached skill level 1 in Stealth
  5810 | D:8      | Reached skill level 1 in Invocations
  5888 | D:8      | Reached *** piety under Qazlal
  6537 | D:9      | Noticed Grum
  6601 | D:9      | Killed Grum
  6608 | D:9      | Reached **** piety under Qazlal
  6715 | D:9      | Noticed a two-headed ogre
  6724 | D:9      | Killed a two-headed ogre
  6724 | D:9      | Reached skill level 12 in Maces & Flails
  6724 | D:9      | Reached skill level 10 in Shields
  6724 | D:9      | Reached XP level 11. HP: 13/64 MP: 2/12
  7061 | D:9      | Noticed a two-headed ogre
  7066 | D:9      | Killed a two-headed ogre
  7090 | D:9      | Found a staircase to the Orcish Mines.
  7146 | D:9      | Found Archofruc's Gadget Boutique.
  7153 | D:9      | Bought a box of beasts for 260 gold pieces
  7176 | D:9      | Found a hide-covered altar of Uskayaw.
  7203 | D:9      | Found an iron altar of Okawaru.
  7208 | D:9      | Noticed a two-headed ogre
  7221 | D:9      | Killed a two-headed ogre
  8026 | Orc:1    | Entered Level 1 of the Orcish Mines
  8026 | Orc:1    | Noticed Maurice
  8034 | Orc:1    | Noticed an orc knight
  8035 | Orc:1    | Noticed an orc sorcerer
  8055 | D:9      | Killed Maurice
  8055 | D:9      | Reached skill level 13 in Maces & Flails
  8202 | D:9      | Killed an orc knight
  8409 | Orc:1    | Noticed a stone giant
  8810 | Orc:1    | Found a burning altar of Makhleb.
  8816 | Orc:1    | Gained mutation: Your body sometimes deteriorates upon taking damage. [a neqoxec]
  8821 | Orc:1    | Paralysed by an orc sorcerer for 4 turns
  8825 | Orc:1    | HP: 1/66 [stone giant (13)]
  8825 | Orc:1    | Gained mutation: Scrolls take you a little longer to read. [a neqoxec]
  8829 | Orc:1    | Killed an orc sorcerer
  8991 | D:9      | Killed a stone giant
  9115 | D:9      | Upgraded the game from 0.22-a0-480-g991dd4b to 0.22-a0-482-g76e0a5f
  9377 | Orc:2    | Entered Level 2 of the Orcish Mines
  9377 | Orc:2    | Found a staircase to the Elven Halls.
  9379 | Orc:2    | Noticed a two-headed ogre
  9741 | Orc:1    | Killed a two-headed ogre
  9741 | Orc:1    | Reached XP level 12. HP: 53/71 MP: 13/13
  9868 | Orc:2    | Found Ydghink's Antique Weapon Emporium.
 10778 | Orc:2    | Noticed a two-headed ogre
 10821 | Orc:2    | Killed a two-headed ogre
 10844 | Orc:2    | Noticed an ogre mage
 10866 | Orc:2    | Killed an ogre mage
 10871 | Orc:2    | Noticed a two-headed ogre
 10874 | Orc:2    | Reached skill level 14 in Maces & Flails
 10880 | Orc:2    | Killed a two-headed ogre
 10886 | Orc:2    | Noticed an ogre mage
 10898 | Orc:2    | Killed an ogre mage
 10905 | Orc:2    | Noticed a two-headed ogre
 10907 | Orc:2    | Noticed a two-headed ogre
 10907 | Orc:2    | Noticed a two-headed ogre
 10948 | Orc:1    | Killed a two-headed ogre
 10977 | Orc:1    | Killed a two-headed ogre
 10985 | Orc:1    | Killed a two-headed ogre
 11064 | Orc:2    | Noticed a two-headed ogre
 11098 | Orc:2    | Killed a two-headed ogre
 11114 | Orc:2    | Reached XP level 13. HP: 70/78 MP: 14/14
 11938 | Orc:2    | Found Kemiunes's Food Shop.
 11941 | Orc:2    | Found Zaaclim's Jewellery Shop.
 11942 | Orc:2    | Found Huto Ruu's Food Shoppe.
 11949 | Orc:2    | Bought a +3 ring of evasion for 273 gold pieces
 11954 | Orc:2    | Found Edemuo Pybb's Gadget Boutique.
 12204 | Elf:1    | Entered Level 1 of the Elven Halls
 12328 | Elf:1    | Reached skill level 15 in Maces & Flails
 12555 | Elf:1    | Noticed a deep elf high priest
 12594 | Elf:1    | Reached ***** piety under Qazlal
 12603 | Elf:1    | Killed a deep elf high priest
 12872 | Elf:1    | Noticed Azrael
 12885 | Elf:1    | Killed from afar by Azrael

Vault maps used:
D:1:      dpeg_arrival_stone_temple_mockup
D:2:      solitary_fountain
D:4:      kennysheep_mini_moat, minmay_temple_entry_trees,
          nicolae_gozag_seed_capital
D:5:      first_ration, fedhas_altar_2, uniq_ijyb, uniq_edmund,
          uniq_blork_the_orc, uniq_sigmund
D:6:      nicolae_ru_awakened_eye, nicolae_ossuary_entry_monument
D:7:      tso_metal_star, grunt_livestock
D:8:      minmay_misc_feat_alley, sword_in_stone
D:9:      eat_drink_and_be_merry_uskayaw, okawaru_gym_becter, zombieorc2_lemuel,
          serial_shops, kennysheep_little_box, uniq_grum
Temple:   regret_index_temple_waves
Orc:1:    serial_shops, shop, basic_altar, uniq_maurice
Orc:2:    st_orc_open, serial_shops, shop
Elf:1:    kennysheep_underground_church, uniq_azrael
Ossuary:  ossuary_tomb_2

Skill      XL: |  1  2  3  4  5  6  7  8  9 10 11 12 13 |
---------------+----------------------------------------+-----
Maces & Flails | 3 4 6 8 10 12 13 14 15 | 15.1
Shields        | 4 5 7 8 10 11 12 14 | 14.2
Fighting       | 4 5 6 7 8 |  8.7
Armour         | 4 5 6 7 8 9 |  9.1
Stealth        | 1 |  1.0
Invocations    | 1 2 |  2.2

Action                   |  1- 3 |  4- 6 |  7- 9 | 10-12 | 13-15 || total
-------------------------+-------+-------+-------+-------+-------++-------
Melee: Flail             |   135 |   200 |   401 |   736 |   190 ||  1662
Invok: Upheaval          |       |       |     2 |    10 |       ||    12
       Elemental Force   |       |       |       |     1 |       ||     1
       Disaster Area     |       |       |       |       |     1 ||     1
Evoke: Box of beasts     |       |       |       |     1 |       ||     1
  Use: Scroll            |     5 |     7 |     7 |     5 |       ||    24
       Potion            |     6 |     1 |     5 |     7 |       ||    19
 Stab: Confused          |       |     1 |       |       |       ||     1
       Invisible         |       |       |       |     2 |       ||     2
  Eat: Chunk             |     1 |     3 |     8 |     7 |     3 ||    22
       Ration            |       |     1 |       |     4 |     1 ||     6
Armor: Scale mail        |    91 |   108 |    43 |       |       ||   242
       Plate armour      |       |       |   108 |   252 |    44 ||   404
Dodge: Dodged            |    47 |    50 |    50 |   106 |    17 ||   270
       Deflected         |       |       |       |       |     5 ||     5
Block: Shield            |   121 |   172 |   273 |   789 |   149 ||  1504
       Reflection        |     1 |     9 |    12 |    14 |    27 ||    63

Table legend:
 A = Spawn XP
 B = Non-spawn XP
 C = Spawn XP percentage of total XP
 D = Spawn monster count
 E = Non-spawn monster count
 F = Spawn count percentage of total count
 G = Total turns spent on level
                    A         B        C        D         E        F      G
               +---------+---------+-------+---------+---------+-------+---------
         Total |       0 |   47792 |   0.0 |       0 |     394 |   0.0 | 12885
               +---------+---------+-------+---------+---------+-------+---------
           D:1 |       0 |      14 |   0.0 |       0 |       9 |   0.0 |   400
           D:2 |       0 |      27 |   0.0 |       0 |      18 |   0.0 |   684
           D:3 |       0 |     209 |   0.0 |       0 |      32 |   0.0 |   718
           D:4 |       0 |     154 |   0.0 |       0 |      14 |   0.0 |   860
           D:5 |       0 |    1662 |   0.0 |       0 |      18 |   0.0 |  1156
           D:6 |       0 |     702 |   0.0 |       0 |      17 |   0.0 |   617
           D:7 |       0 |    2740 |   0.0 |       0 |      25 |   0.0 |   647
           D:8 |       0 |    1507 |   0.0 |       0 |      26 |   0.0 |   795
           D:9 |       0 |    9069 |   0.0 |       0 |      87 |   0.0 |  2658
         Orc:1 |       0 |    8437 |   0.0 |       0 |      54 |   0.0 |  2171
         Orc:2 |       0 |   12417 |   0.0 |       0 |      47 |   0.0 |   905
         Elf:1 |       0 |   10661 |   0.0 |       0 |      17 |   0.0 |   679
       Ossuary |       0 |     193 |   0.0 |       0 |      30 |   0.0 |   229
               +---------+---------+-------+---------+---------+-------+---------
